 Dungeon Crawl Stone Soup version 0.21-a0-529-g8c7b3f5 (webtiles) character file.

182054 Ketzopolo the Warrior (level 17, -12/174 HPs)
             Began as a Gargoyle Fighter on Dec 10, 2017.
             Was a High Priest of Ru.
             Killed by Shatter
             ... invoked by Jorgrun
              (52 damage)
             ... on level 2 of the Spider Nest.
             The game lasted 02:42:02 (32469 turns).

Ketzopolo the Warrior (Gargoyle Fighter)           Turns: 32469, Time: 02:42:03

Health: -12/174    AC: 45    Str: 25    XL:     17   Next: 96%
Magic:  17/17      EV:  8    Int: 11    God:    Ru [*****.]
Gold:   3159       SH: 14    Dex: 12    Spells: 16/16 levels left

rFire    . . .     SeeInvis .   a - +3 morningstar (protect)
rCold    . . .     Gourm    .   c - +0 shield
rNeg     + + .     Faith    .   S - +0 plate armour
rPois    ∞         Spirit   .   I - +1 helmet
rElec    +         Reflect  .   K - +0 cloak
rCorr    +         Harm     .   M - +1 pair of gloves {archery}
MR       +....                  q - +0 pair of boots
Stlth    ..........             G - amulet of regeneration
HPRegen  0.79/turn              N - ring of positive energy
MPRegen  0.15/turn              A - ring of resist corrosion

@: berserking, protection aura, very quick
A: big wings, clumsy 1, negative energy resistance 1, electricity resistance,
unbreathing, petrification resistance, rot immunity, no stealth, hated by all,
inability to train dodging, no conjurations magic, no hexes magic, no ice magic,
disrupted magic 1, AC +12
}: 1/15 runes: decaying
a: Fly, Draw Out Power, Power Leap, Apocalypse, Renounce Religion


You were on level 2 of the Spider Nest.
You worshipped Ru.
Ru was extremely pleased with you.
You were not hungry.

You visited 6 branches of the dungeon, and saw 30 of its levels.

You collected 3159 gold pieces.

Inventory:

Hand Weapons
 a - a +3 morningstar of protection (weapon)
 b - a +1 fustibalus of velocity
Missiles
 s - 60 sling bullets
 H - 431 stones (quivered)
Armour
 c - a +0 shield (worn)
 q - a +0 pair of boots (worn)
 I - a +1 helmet (worn)
 K - a +0 cloak (worn)
 M - a +1 pair of gloves of archery (worn)
 S - a +0 plate armour (worn)
Jewellery
 w - an uncursed ring of fire
 A - a ring of resist corrosion (right hand)
 C - an uncursed ring of wizardry
 G - an amulet of regeneration (around neck)
 N - a ring of positive energy (left hand)
Wands
 d - a wand of paralysis (16)
 n - a wand of disintegration (17)
 r - a wand of digging (23)
 z - a wand of clouds (5)
 J - a wand of acid (15)
Scrolls
 g - 4 scrolls of magic mapping
 j - 3 scrolls of fog
 k - 13 scrolls of remove curse
 o - 2 scrolls of teleportation
 p - 5 scrolls of identify
 u - 5 scrolls of enchant weapon
 v - 4 scrolls of fear
 x - 3 scrolls of immolation
 y - a scroll of silence
 L - 3 scrolls of enchant armour
Potions
 e - 2 potions of resistance
 h - 4 potions of agility
 l - 4 potions of cancellation
 m - 9 potions of curing
 t - 4 potions of lignification
 D - 6 potions of heal wounds
 E - 4 potions of ambrosia
 F - 3 potions of haste
 R - a potion of berserk rage
 Z - 3 potions of mutation
Miscellaneous
 P - a lamp of fire
 V - a lightning rod (4/4)
Comestibles
 f - 18 bread rations
 i - 30 fruits
 B - 7 meat rations


   Skills:
 + Level 16.9 Fighting
 - Level 16.0 Maces & Flails
 * Level 10.4 Slings
 + Level 15.2 Armour
 - Level 15.0 Shields


You had 16 spell levels left.
You didn't know any spells.

Dungeon Overview and Level Annotations

Branches:
Dungeon (15/15)            Temple (1/1) D:5            Lair (6/6) D:9
  Swamp (4/4) Lair:4       Spider (2/4) Lair:2        Slime (0/5) Lair:5
    Orc (2/2) D:11            Elf (0/3) Orc:2        Vaults (0/5) D:13
 Depths (0/5) D:15

Altars:
Ashenzari
Cheibriados
Dithmenos
Elyvilon
Fedhas
Gozag
Hepliaklqana
Kikubaaqudgha
Makhleb
Nemelex Xobeh
Okawaru
Qazlal
Ru
Sif Muna
Trog
Uskayaw
Vehumet
Wu Jian
Xom
Yredelemnul
Zin
The Shining One
Beogh

Shops:
D:4 (   D:8 [   D:15 %   Orc:2 :[}(*

Annotations:
D:8 Mr+ gants
Spider:2 Jorgrun


Innate Abilities, Weirdness & Mutations

You are resistant to torment.
Your stone body is resilient. (AC +12)
You are immune to poison.
Your large and strong wings let you fly indefinitely.
You are clumsy. (Dex -2)
You resist negative energy. (rN+)
You are resistant to electric shocks. (rElec)
You can survive without breathing.
You are immune to petrification.
You are immune to rotting.
You cannot be stealthy.
You are hated by all.
You cannot train Dodging skill.
You cannot study or cast Conjurations magic.
You cannot study or cast Hexes magic.
You cannot study or cast Ice magic.
Your casting is slightly disrupted.


Message History

* * * LOW HITPOINT WARNING * * *
Ka-crash!
You hear an angry buzzing noise.
You hear an angry hiss. x2
A red film seems to cover your vision as you go berserk!
You feel yourself moving faster!
You feel mighty! Jorgrun hits you but does no damage.
You miss Jorgrun.
Jorgrun is heavily wounded.
You impale Jorgrun!!
Jorgrun is severely wounded.
Jorgrun begins to cast a spell, but is stunned by your will!
You sock Jorgrun!
Jorgrun is severely wounded.
You miss Jorgrun.
Jorgrun is severely wounded.
You puncture Jorgrun!
Jorgrun is almost dead.
Jorgrun gestures wildly while chanting.
The dungeon rumbles around Jorgrun!
You shudder from the earth-shattering force.
You die...

##.........
##.........#
.≈.....(..#
####........^#....
#.#.....^.^.##....
##.................
#.......g..........
#.......@..........
#≈≈................
#≈.≈.#.....≈(....(
##.≈≈≈......#.....
#..##.<...#......#
.# ##....#≈.....#
##.#..≈#.<
#######..


You could see Jorgrun.

Vanquished Creatures
  Mara (Swamp:4)
  Nikola (Swamp:4)
  5 thorn hunters
  Donald (Swamp:4)
  Roxanne (Swamp:4)
  3 entropy weavers (Spider:1)
  Snorg (Lair:6)
  2 fire dragons
  An ice dragon (Lair:6)
  Harold (Lair:1)
  A rakshasa (D:14)
  23 hydras
  A yaktaur captain (D:14)
  5 vault guards (D:13)
  A catoblepas (Lair:6)
  4 alligators
  2 tengu warriors (D:13)
  3 centaur warriors
  2 ogre magi
  5 two-headed ogres
  9 death yaks
  5 orc high priests (Orc:2)
  Nergalle (D:12)
  5 spriggans
  Sonja (D:12)
  3 skeletal warriors (D:15)
  A phantasmal warrior (D:14)
  2 spriggan druids
  12 swamp dragons
  7 orc knights (Orc:2)
  4 lindwurms
  A wizard (D:14)
  4 harpies (D:14)
  A necromancer (D:15)
  A wolf spider zombie (D:15)
  3 orb spiders (Spider:1)
  An oklob plant (Lair:5)
  2 cyclopes
  10 ugly things
  A manticore (D:13)
  3 deep elf magi
  2 orc sorcerers (D:15)
  11 wolf spiders
  7 elephants
  A guardian serpent (Lair:6)
  Maurice (D:8)
  A naga mage (D:15)
  2 gargoyles
  3 centaur skeletons
  12 black mambas
  6 torpor snails
  17 spiny frogs
  2 rime drakes (Lair:2)
  6 demonic crawlers (Spider:1)
  10 komodo dragons
  A yaktaur (D:13)
  A tengu conjurer (D:13)
  3 polar bears (Lair:4)
  5 trolls
  7 tyrant leeches
  A queen bee (Lair:1)
  A wolf spider simulacrum (D:14)
  16 hornets
  14 blink frogs
  7 bog bodies
  7 dream sheep
  6 hippogriffs
  11 jumping spiders
  13 slime creatures
  A shadow (D:15)
  2 water elementals (D:15)
  4 wraiths
  24 redbacks
  A redback (shapeshifter) (D:14)
  35 yaks
  8 tarantellas
  3 basilisks
  15 wyverns
  11 vampire mosquitoes
  22 swamp worms
  3 wargs
  An acid dragon (D:14)
  A soldier ant (shapeshifter) (D:11)
  3 insubstantial wisps (Swamp:1)
  5 porcupines
  28 water moccasins
  37 orc warriors
  13 swamp drakes
  A meliai simulacrum (D:15)
  A hornet zombie (D:11)
  3 wolves (Lair:1)
  4 ice beasts
  4 sky beasts
  A black bear (D:8)
  5 ogres
  6 crocodiles
  9 centaurs
  2 big kobolds
  16 bullfrogs
  A gnoll sergeant (D:12)
  4 scorpions
  22 killer bees (Lair:1)
  5 wights (D:7)
  6 electric eels
  2 howler monkeys
  12 crimson imps
  3 bullfrog zombies
  5 centaur zombies
  6 jellies
  4 bullfrog skeletons
  23 orc priests
  A hound (D:11)
  A gnoll shaman (D:6)
  15 orc wizards
  Jessica (D:2)
  Natasha (thrice) (D:3)
  4 iguanas
  12 worker ants
  2 hound zombies
  2 hound skeletons
  2 worker ant zombies
  Robin (D:3)
  2 howler monkey skeletons
  11 adders
  2 shadow imps
  An ooze (D:2)
  An adder zombie (D:7)
  2 adder skeletons
  3 worms
  2 dart slugs
  4 leopard geckos
  78 orcs
  5 giant cockroaches
  15 goblins
  10 hobgoblins
  10 jackals
  8 quokkas
  A ball python (D:1)
  15 bats
  3 frilled lizards
  13 kobolds
  3 leopard gecko zombies
  9 rats
  2 briar patches (Swamp:3)
  A fungus (Lair:2)
  A plant (Lair:6)
923 creatures vanquished.

Vanquished Creatures (others)
  Josephine (D:11)
  4 hydras
  2 alligators
  A death yak (Lair:6)
  A spriggan druid (Swamp:4)
  An unseen horror (D:12)
  A lindwurm (Swamp:4)
  A black mamba (Lair:5)
  A gargoyle (D:15)
  A redback zombie (D:15)
  A hornet (Swamp:4)
  A tyrant leech (Lair:6)
  A slime creature (Swamp:3)
  2 redbacks (Spider:1)
  A spriggan (Swamp:4)
  A vampire mosquito (Swamp:1)
  An insubstantial wisp (Swamp:1)
  3 swamp worms
  An orc warrior (D:11)
  A killer bee (Lair:1)
  A bullfrog skeleton (D:12)
  An adder (D:12)
  2 hobgoblins (D:2)
  3 jackals (D:2)
  3 briar patches
  45 fungi
  61 plants
143 creatures vanquished.

Grand Total: 1066 creatures vanquished

Notes
Turn   | Place    | Note
-------+----------+-------------------------------------------
     0 | D:1      | Ketzopolo the Gargoyle Fighter began the quest for the Orb.
     0 | D:1      | Reached XP level 1. HP: 14/14 MP: 1/1
    85 | D:1      | Reached XP level 2. HP: 19/19 MP: 2/2
   452 | D:1      | Reached XP level 3. HP: 23/24 MP: 3/3
   779 | D:2      | Found a bloodstained altar of Trog.
   780 | D:2      | Found a shattered altar of Ashenzari.
  1032 | D:2      | Found a hide-covered altar of Uskayaw.
  1197 | D:2      | Reached XP level 4. HP: 29/29 MP: 4/4
  1241 | D:2      | Noticed Jessica
  1255 | D:2      | Killed Jessica
  1666 | D:2      | Found a radiant altar of Vehumet.
  1731 | D:2      | Reached XP level 5. HP: 33/33 MP: 5/5
  2111 | D:3      | Found a glowing silver altar of Zin.
  2200 | D:3      | Noticed Natasha
  2221 | D:3      | Killed Natasha
  2251 | D:3      | Found a sacrificial altar of Ru.
  2255 | D:3      | Noticed Natasha
  2261 | D:3      | Killed Natasha
  2261 | D:3      | Reached skill level 5 in Maces & Flails
  2269 | D:3      | Became a worshipper of Ru the Awakened
  2458 | D:3      | Noticed Natasha
  2466 | D:3      | Killed Natasha
  2475 | D:3      | Reached XP level 6. HP: 37/38 MP: 6/6
  2485 | D:3      | Found a shimmering altar of Xom.
  2486 | D:3      | Noticed Robin
  2513 | D:3      | Killed Robin
  2660 | D:4      | Found Seipec's Antique Weapon Shop.
  3516 | D:4      | Gained mutation: You are hated by all. [Ru sacrifice]
  3516 | D:4      | Reached * piety under Ru
  3743 | D:5      | Entered Level 5 of the Dungeon
  3743 | D:5      | Found a glowing golden altar of the Shining One.
  3751 | D:4      | Reached XP level 7. HP: 40/43 MP: 7/7
  4017 | D:5      | Found a staircase to the Ecumenical Temple.
  4027 | Temple   | Entered the Ecumenical Temple
  4339 | D:5      | Reached XP level 8. HP: 39/48 MP: 8/8
  4521 | D:5      | Found a shimmering altar of Xom.
  4953 | D:6      | Found a sparkling altar of Nemelex Xobeh.
  5237 | D:6      | Gained mutation: You cannot study or cast Ice magic. [Ru sacrifice]
  5237 | D:6      | Gained mutation: You cannot study or cast Hexes magic. [Ru sacrifice]
  5237 | D:6      | Gained mutation: You cannot study or cast Conjurations magic. [Ru sacrifice]
  5237 | D:6      | Reached ** piety under Ru
  5257 | D:6      | Reached skill level 5 in Fighting
  5273 | D:6      | Noticed a yak
  5278 | D:6      | Reached XP level 9. HP: 53/54 MP: 9/9
  5289 | D:6      | Reached skill level 10 in Maces & Flails
  5850 | D:7      | Reached skill level 5 in Armour
  5850 | D:7      | Reached skill level 5 in Shields
  6096 | D:7      | Found a sand-covered staircase.
  6997 | D:8      | Found an iron altar of Okawaru.
  7330 | D:8      | Found Cosoetui's Armour Shoppe.
  7575 | D:8      | Reached XP level 10. HP: 59/61 MP: 10/10
  7695 | D:8      | Noticed Maurice
  7706 | D:8      | Killed Maurice
  8253 | D:9      | Found a staircase to the Lair.
  8485 | D:9      | Found an ornate altar of the Wu Jian Council.
  8789 | D:9      | Noticed a two-headed ogre
  8796 | D:9      | Killed a two-headed ogre
  8982 | D:10     | Entered Level 10 of the Dungeon
  9216 | D:10     | Noticed a two-headed ogre
  9226 | D:10     | Killed a two-headed ogre
  9394 | D:10     | Reached XP level 11. HP: 70/71 MP: 11/11
  9514 | Lair:1   | Entered Level 1 of the Lair of Beasts
  9854 | Lair:1   | Noticed Harold
  9875 | Lair:1   | Killed Harold
 10265 | Lair:1   | Reached skill level 10 in Fighting
 11092 | Lair:2   | Reached XP level 12. HP: 76/78 MP: 12/12
 11163 | Lair:2   | Found a hole to the Spider Nest.
 11880 | Lair:3   | Gained mutation: You are clumsy. (Dex -2) [Ru sacrifice]
 11880 | Lair:3   | Reached *** piety under Ru
 12790 | Lair:4   | Noticed a four-headed hydra
 12797 | Lair:4   | Killed a four-headed hydra
 12997 | Lair:4   | Found a staircase to the Swamp.
 13834 | Lair:5   | Gained mutation: You cannot train Dodging skill. [Ru sacrifice]
 13834 | Lair:5   | Reached **** piety under Ru
 13884 | Lair:5   | Noticed a six-headed hydra
 13887 | Lair:5   | Noticed an eight-headed hydra
 13898 | Lair:5   | Killed a six-headed hydra
 13908 | Lair:5   | Found a staircase to the Slime Pits.
 13982 | Lair:5   | Killed an eight-headed hydra
 13982 | Lair:5   | Reached XP level 13. HP: 66/84 MP: 13/13
 14056 | Lair:5   | Reached skill level 10 in Armour
 14056 | Lair:5   | Reached skill level 10 in Shields
 14485 | Lair:6   | Entered Level 6 of the Lair of Beasts
 14906 | Lair:6   | Reached skill level 15 in Maces & Flails
 15198 | Lair:6   | Noticed Snorg
 15267 | Lair:6   | Gained mutation: Your large and strong wings let you fly indefinitely. [Gargoyle growth]
 15267 | Lair:6   | Reached XP level 14. HP: 65/92 MP: 14/14
 15333 | Lair:6   | Killed Snorg
 15463 | Lair:6   | Gained mutation: You cannot be stealthy. [Ru sacrifice]
 15463 | Lair:6   | Reached ***** piety under Ru
 16202 | Lair:6   | Found a runed door.
 18113 | D:11     | Reached skill level 1 in Slings
 18355 | D:11     | Found a staircase to the Orcish Mines.
 18525 | Orc:1    | Entered Level 1 of the Orcish Mines
 18571 | Orc:1    | Noticed Josephine
 18738 | D:11     | Killed Josephine
 18892 | Orc:2    | Entered Level 2 of the Orcish Mines
 19130 | Orc:2    | Found Tokhlak's Book Boutique.
 19437 | Orc:2    | Reached XP level 15. HP: 84/99 MP: 15/15
 19555 | Orc:2    | Found a roughly hewn altar of Beogh.
 19559 | Orc:2    | Found a staircase to the Elven Halls.
 20277 | Orc:2    | Found Cimoaq's Gadget Emporium.
 20280 | Orc:2    | Found Akip's Antique Weapon Shoppe.
 20281 | Orc:2    | Found Barearr's Armour Emporium.
 20282 | Orc:2    | Found Ziul Emes's Assorted Antiques.
 21042 | D:12     | Noticed Sonja
 21277 | D:12     | Noticed Nergalle
 21320 | D:12     | Killed Sonja
 21409 | D:12     | Killed Nergalle
 22734 | D:13     | Found a gate to the Vaults.
 23434 | D:14     | Reached XP level 16. HP: 82/107 MP: 16/16
 23930 | D:14     | Found a runed door.
 24071 | D:14     | Reached skill level 5 in Slings
 24483 | D:15     | Entered Level 15 of the Dungeon
 24868 | D:15     | Found Xizijiapn's Food Emporium.
 25010 | D:15     | Reached skill level 15 in Fighting
 25359 | D:15     | Found a staircase to the Depths.
 25506 | D:15     | Identified a scroll of acquirement
 25766 | Swamp:1  | Entered Level 1 of the Swamp
 26384 | Swamp:1  | Reached skill level 15 in Shields
 26871 | Swamp:2  | Noticed a thorn hunter
 26913 | Swamp:2  | Killed a thorn hunter
 27337 | Swamp:2  | Found the +27 Lear's hauberk
 28303 | Swamp:3  | Noticed a thorn hunter
 28318 | Swamp:3  | Killed a thorn hunter
 28538 | Swamp:4  | Entered Level 4 of the Swamp
 28549 | Swamp:4  | Noticed Mara
 28564 | Swamp:4  | Noticed Ketzopolo's illusion
 28782 | Swamp:4  | Noticed Ketzopolo's illusion
 28797 | Swamp:4  | Killed Mara
 28797 | Swamp:4  | Reached XP level 17. HP: 98/115 MP: 17/17
 29456 | Swamp:4  | Noticed Roxanne
 29718 | Swamp:4  | Gained mutation: Your casting is slightly disrupted. [Ru sacrifice]
 29794 | Swamp:4  | Got a decaying rune of Zot
 30192 | Swamp:4  | Noticed Donald
 30212 | Swamp:4  | Killed Donald
 30483 | Swamp:4  | Killed Roxanne
 30520 | Swamp:4  | Noticed Nikola
 30545 | Swamp:4  | Killed Nikola
 30832 | Spider:1 | Entered Level 1 of the Spider Nest
 31023 | Spider:1 | Reached skill level 15 in Armour
 31385 | Spider:1 | Reached skill level 10 in Slings
 32234 | Spider:2 | Noticed Jorgrun
 32469 | Spider:2 | Killed from afar by Jorgrun

Vault maps used:
D:1:      dpeg_arrival_castle
D:2:      lemuel_doored_altar, old_standard_altar, ashenzari_altar_1,
          fiery_altar_vehumet, first_bread, uniq_jessica
D:3:      nicolae_overflow_crystal_walls, lemuel_round_altar,
          old_standard_altar, uniq_natasha, uniq_robin
D:4:      serial_shops, shop
D:5:      overflow_temple_1_default, temple_fountains, basic_altar
D:6:      cheibrodos_barr_body, old_standard_altar
D:7:      nicolae_ossuary_entry_monument, wad_floor_pattern_1
D:8:      kennysheep_mini, serial_shops, shop_fountains, blue_anna_alchemist,
          minivault_27, minivault_19, uniq_maurice
D:9:      overflow_temple_1_default, erik_lair_orcish_takeover,
          corexii_hall_statues_l
D:11:     erik_orc_2, grunt_ministairs_2
D:12:     minmay_opposing_rooms, uniq_sonja, uniq_nergalle
D:13:     grunt_vaults_entry_fortified
D:14:     minivault_13
D:15:     grunt_enter_depths_magical_seal, serial_shops,
          nicolae_shop_waterfront, minivault_14
Temple:   grunt_temple_mini_profane
Lair:1:   serial_forest, infiniplex_forest_straight_4,
          infiniplex_forest_lined_2, infiniplex_forest_end_1,
          infiniplex_forest_lined_ring, infiniplex_forest_clump_curved,
          infiniplex_forest_straight_4, infiniplex_forest_corner_2,
          special_room, uniq_harold
Lair:2:   nicolae_spider_entry_tight_spaces, fungi_pond_lemuel, minmay_holes
Lair:4:   minmay_swamp_entry_swarm, beast_lair_carwin_3
Lair:5:   minmay_slime_entry_oklob_open
Lair:6:   hangedman_lair_tendril_chambers, wormcave, serial_bayou_pond_c,
          uniq_snorg
Swamp:1:  hangedman_swamp_pad, swamp_pool1
Swamp:2:  hangedman_swamp_lotus, swamp_pool1, st_swamp_mini
Swamp:3:  hangedman_swamp_diagram
Swamp:4:  swamp_alternative, swamp_pool4, infiniplex_staircase_pool, uniq_mara,
          uniq_nikola, uniq_roxanne, uniq_donald
Spider:2: uniq_jorgrun
Orc:1:    uniq_josephine
Orc:2:    st_orc_pillars, serial_shops, nicolae_shop_statue_plus,
          lemuel_statue_altar

Skill      XL: |  1  2  3  4  5  6  7  8  9 10 11 12 13 14 15 16 17 |
---------------+----------------------------------------------------+-----
Maces & Flails | 3 4 5 6 8 9 11 12 13 14 15 16 | 16.0
Fighting       | 4 5 6 9 10 11 12 13 14 16 | 16.9
Armour         | 4 5 7 8 9 11 12 13 14 15 | 15.2
Shields        | 4 5 7 8 9 11 12 14 15 | 15.0
Slings         | 1 4 7 10 | 10.4

Action                   |  1- 3 |  4- 6 |  7- 9 | 10-12 | 13-15 | 16-18 || total
-------------------------+-------+-------+-------+-------+-------+-------++-------
Melee: Flail             |   160 |   216 |   463 |   103 |       |       ||   942
       Morningstar       |       |       |       |   732 |  2048 |  1489 ||  4269
 Fire: Fustibalus        |       |       |       |       |       |    68 ||    68
       Hunting sling     |       |       |       |       |       |     1 ||     1
Invok: Sacrifice Love    |       |     1 |       |       |       |       ||     1
       Sacrifice Arcana  |       |       |     1 |       |       |       ||     1
       Reject Sacrifices |       |       |       |     1 |     2 |     1 ||     4
       Power Leap        |       |       |       |     1 |    14 |     5 ||    20
       Sacrifice Purity  |       |       |       |     1 |       |       ||     1
       Sacrifice Nimblen |       |       |       |     1 |       |       ||     1
       Sacrifice Stealth |       |       |       |       |     1 |       ||     1
       Sacrifice Essence |       |       |       |       |       |     1 ||     1
 Abil: Fly               |       |       |       |       |     4 |     1 ||     5
       Stop Flying       |       |       |       |       |     4 |     1 ||     5
Evoke: Wand              |       |       |       |    10 |     2 |     1 ||    13
       Lamp of fire      |       |       |       |       |     1 |       ||     1
       Lightning rod     |       |       |       |       |     1 |       ||     1
  Use: Scroll            |       |     3 |     3 |    12 |    12 |     9 ||    39
       Potion            |       |       |     1 |     4 |     2 |     5 ||    12
 Stab: Distracted        |       |       |       |     5 |     6 |     3 ||    14
       Invisible         |       |       |       |     3 |    11 |    13 ||    27
       Petrifying        |       |       |       |     1 |       |       ||     1
       Paralysed         |       |       |       |       |     4 |       ||     4
       Petrified         |       |       |       |       |     1 |     2 ||     3
       Confused          |       |       |       |       |       |     1 ||     1
  Eat: Chunk             |     1 |     8 |    15 |     6 |    13 |       ||    43
       Fruit             |       |       |     6 |     1 |     1 |     7 ||    15
       Royal jelly       |       |       |     1 |     1 |     7 |     9 ||    18
       Meat ration       |       |       |       |     1 |     2 |     1 ||     4
Armor: Scale mail        |    90 |    41 |       |       |       |       ||   131
       Plate armour      |       |    85 |   313 |   496 |  1055 |  1305 ||  3254
Dodge: Dodged            |    56 |    40 |    66 |   200 |   355 |   361 ||  1078
Block: Shield            |    98 |    91 |   244 |   457 |  1077 |   949 ||  2916

Table legend:
 A = Spawn XP
 B = Non-spawn XP
 C = Spawn XP percentage of total XP
 D = Spawn monster count
 E = Non-spawn monster count
 F = Spawn count percentage of total count
 G = Total turns spent on level
                    A         B        C        D         E        F      G
               +---------+---------+-------+---------+---------+-------+---------
         Total |       0 |  241507 |   0.0 |       0 |     937 |   0.0 | 32469
               +---------+---------+-------+---------+---------+-------+---------
           D:1 |       0 |      46 |   0.0 |       0 |      31 |   0.0 |   753
           D:2 |       0 |     123 |   0.0 |       0 |      30 |   0.0 |  1294
           D:3 |       0 |     311 |   0.0 |       0 |      30 |   0.0 |   786
           D:4 |       0 |     274 |   0.0 |       0 |      20 |   0.0 |  1001
           D:5 |       0 |     662 |   0.0 |       0 |      19 |   0.0 |   662
           D:6 |       0 |    1350 |   0.0 |       0 |      23 |   0.0 |   965
           D:7 |       0 |    1087 |   0.0 |       0 |      24 |   0.0 |  1562
           D:8 |       0 |    1913 |   0.0 |       0 |      24 |   0.0 |   965
           D:9 |       0 |    1791 |   0.0 |       0 |      20 |   0.0 |   940
          D:10 |       0 |    1778 |   0.0 |       0 |       7 |   0.0 |   536
          D:11 |       0 |    5337 |   0.0 |       0 |      64 |   0.0 |  1474
          D:12 |       0 |    8130 |   0.0 |       0 |      43 |   0.0 |  1259
          D:13 |       0 |   14441 |   0.0 |       0 |      28 |   0.0 |   873
          D:14 |       0 |   14539 |   0.0 |       0 |      37 |   0.0 |  1571
          D:15 |       0 |   11012 |   0.0 |       0 |      26 |   0.0 |  1084
        Lair:1 |       0 |    5549 |   0.0 |       0 |      41 |   0.0 |  1154
        Lair:2 |       0 |    5937 |   0.0 |       0 |      24 |   0.0 |  1183
        Lair:3 |       0 |    2588 |   0.0 |       0 |       9 |   0.0 |  1132
        Lair:4 |       0 |    6119 |   0.0 |       0 |      26 |   0.0 |  1105
        Lair:5 |       0 |   11186 |   0.0 |       0 |      28 |   0.0 |   999
        Lair:6 |       0 |   37895 |   0.0 |       0 |     113 |   0.0 |  2254
       Swamp:1 |       0 |   14018 |   0.0 |       0 |      42 |   0.0 |  1061
       Swamp:2 |       0 |    8359 |   0.0 |       0 |      18 |   0.0 |   962
       Swamp:3 |       0 |   13067 |   0.0 |       0 |      29 |   0.0 |  1369
       Swamp:4 |       0 |   41239 |   0.0 |       0 |      52 |   0.0 |  1629
      Spider:1 |       0 |   17019 |   0.0 |       0 |      44 |   0.0 |  1524
      Spider:2 |       0 |    2481 |   0.0 |       0 |       9 |   0.0 |   113
         Orc:1 |       0 |    1295 |   0.0 |       0 |      10 |   0.0 |   557
         Orc:2 |       0 |   11961 |   0.0 |       0 |      66 |   0.0 |  1506
               +---------+---------+-------+---------+---------+-------+---------
